 Dungeon Crawl Stone Soup version 0.31-a0-978-g1e143483b6 (webtiles) character file.

Game seed: 9437493154293607472

412 ytrimaz the Sneak (level 6, 0/34 HPs)
             Began as an Octopode Shapeshifter on Oct 24, 2023.
             Succumbed to a water moccasin's poison
             ... on level 6 of the Dungeon on Oct 30, 2023.
             The game lasted 00:05:14 (2990 turns).

ytrimaz the Sneak (Octopode Shapeshifter)           Turns: 2990, Time: 00:05:14

Health: 0/34       AC:  1    Str: 18    XL:     6   Next: 90%
Magic:  6/6        EV: 20    Int: 11    God:
Gold:   269        SH:  0    Dex: 18    Spells: 5/5 levels left

rFire   . .          .
                       - Unarmed
rCold   . . .        (no shield)
rNeg    . . .        (helmet currently unavailable)
rPois   .            f - amulet of magic regeneration
rElec   .            d - +5 ring of evasion
rCorr   .            e - +6 ring of dexterity
SInv    .            (no ring)
Will    .....        (no ring)
Stlth   ++++         (no ring)
HPRegen 0.25/turn    (no ring)
MPRegen 0.50/turn    (no ring)
                     (no ring)

%: no passive effects
@: lethally poisoned (0 -> -33), beast-form
A: beast (slay +2), almost no armour, amphibious, 8 rings, camouflage 1,
gelatinous body 1, (nimble swimmer 1), tentacles, frail 1, strong 1
a: Begin Untransformation


You were on level 6 of the Dungeon.
You were a hulking beast.
You visited 1 branch of the dungeon, and saw 5 of its levels.

You collected 295 gold pieces.
You spent 26 gold pieces at shops.


Innate Abilities, Weirdness & Mutations

You are a hulking beast.
Your limbs bulge with bestial killing power. (Slay +2)
You cannot wear most types of armour.
You are amphibious.
You can wear up to eight rings at the same time.
Your skin changes colour to match your surroundings (Stealth+).
Your rubbery body absorbs attacks. (AC +1, EV +1)
((You are camouflaged when in or above water. (Stealth+)))
You have tentacles for arms and can constrict up to eight enemies at once.
You are frail. (-10% HP)
Your muscles are strong. (Str +4, Int/Dex -1)


   Skills:
 - Level 1.0 Fighting
 + Level 4.4 Dodging
 + Level 5.3 Stealth
 - Level 3.0 Unarmed Combat
 + Level 4.6 Shapeshifting


You had 5 spell levels left.
You didn't know any spells.
Your spell library contained the following spells:

 Spells                   Type           Power      Damage    Failure   Level
 Freeze                   Ice            0%         1d3       34%         1
 Dazzling Flash           Conj/Hex       0%         N/A       71%         3
 Frozen Ramparts          Ice            0%         1d1       71%         3
 Hailstorm                Conj/Ice       0%         3d3       71%         3
 Vampiric Draining        Necr           0%         2d6       71%         3
 Dimensional Bullseye     Hex/Tloc       0%         N/A       98%         4
 Manifold Assault         Tloc           0%         N/A       98%         4
 Agony                    Necr           0%         N/A       100%        5
 Borgnjor's Vile Clutch   Necr/Erth      0%         N/A       100%        5
 Silence                  Hex/Air        0%         N/A       100%        5

Inventory:

Jewellery
 d - a +5 ring of evasion (left tentacle)
   (You found it on level 1 of the Dungeon)
 e - a +6 ring of dexterity (right tentacle)
   (You found it on level 1 of the Dungeon)
 f - an amulet of magic regeneration (around mantle)
   (You found it on level 1 of the Dungeon)
Talismans
 b - a beast talisman
 c - a flux talisman
Scrolls
 a - 3 scrolls of vulnerability {unknown}
 i - 2 scrolls of teleportation
 j - 2 scrolls of blinking
 k - 2 scrolls of fear {unknown}
 o - 2 scrolls of brand weapon {unknown}
 p - a scroll of enchant armour {unknown}
 r - a scroll of torment {unknown}
Potions
 g - 2 potions of degeneration
 h - a potion of berserk rage
 m - a potion of haste {unknown}
 n - a potion of curing {unknown}
 q - a potion of enlightenment {unknown}

Dungeon Overview and Level Annotations

Branches:
Dungeon (6/15) Zot: 26422
 Temple: D:4-7

Altars:
Hepliaklqana
Kikubaaqudgha
Nemelex Xobeh
Ru
Xom
The Shining One

Shops:
D:1 [(:?[

Annotations:
D:1 2 transporters
D:3 2 transporters, zenocrate's ghost, amateur VSEn
D:6 Jeremiah; Pikel

........# ###.#.#
........# #####...#.#
#.####### #.....#.#.#
#.....'<#.#
#####...$.#.#.#
....'.....'...#
####.....#.###
#####.....#.#
.......h.##.# ## ###
......S..##.# . ..#
.........##.# ####.#
............. ...#.#
h.............
.55#.###.............
##.5...#..............
...)...#......$........
##.....'.#


You could see a water moccasin.


Message History

You kill the hound!
Your Stealth skill increases to level 5! 😕 HP[+1] Unknown command.
No target in view!
You see here a hound corpse.
No target in view!
Unknown command.
a - 3 scrolls labelled CIQAVA GISYGEC 😎 HP[+6]
Your hp is fully restored (38).
i - 2 scrolls of teleportation (gained 1)
Found an escape hatch in the floor.
Found a stone staircase leading up.
r - a scroll labelled DAKHLA LUETROF
Found an escape hatch in the ceiling.
You open the door.
There is an open door here.
A bullfrog comes into view.
A bullfrog is nearby!
A bullfrog is nearby!
A bullfrog is nearby!
The bullfrog gives a loud, deep croak!
The bullfrog hits you. x2 😕 HP[-4]
You take 4 damage, and now have 34/38 hp.
You tentacle-slap the bullfrog. You grab the bullfrog.
You constrict the bullfrog. The bullfrog barely misses you.
You tentacle-slap the bullfrog. You squeeze the bullfrog.
You constrict the bullfrog. The bullfrog completely misses you.
The bullfrog hits you. 😕 HP[-1]
You take 1 damage, and now have 33/38 hp.
You bludgeon the bullfrog!
You kill the bullfrog! 😕 HP[+1] Unknown command.
No target in view!
o - 2 scrolls labelled URHAOCRATUP (gained 1)
You now have 265 gold pieces (gained 22).
You now have 269 gold pieces (gained 4).
Key pressed, stopping explore.
You see here 2 stones.
Key pressed, stopping explore.
Key pressed, stopping explore.
Found a stone staircase leading up.
No target in view! 😎 HP[+4]
Your hp is fully restored (38).
A water moccasin comes into view.
There is an open door here.
You see here 11 gold pieces.
A water moccasin is nearby!
A water moccasin is nearby!
A white imp comes into view.
There are monsters nearby!
There are monsters nearby!
The white imp misses you.
The water moccasin hisses angrily.
You tentacle-slap the white imp but do no damage.
You grab the white imp. You constrict the white imp. The white imp misses you.
You tentacle-slap the white imp. You constrict the white imp.
The white imp gestures at you. The puff of frost hits you!
You are too injured to fight recklessly! 😮 HP[-10]
You take 10 damage, and now have 28/38 hp.
MASSIVE DAMAGE!! (PAUSE)
You tentacle-slap the white imp.
You constrict the white imp, but do no damage. 😕 HP[+1] Unknown command.
You tentacle-slap the white imp.
You kill the white imp!
The water moccasin barely misses you. The water moccasin misses you.
You tentacle-slap the water moccasin. Your grab misses the water moccasin.
The water moccasin bites you. 😮 HP[-4]
You take 4 damage, and now have 25/38 hp.
You tentacle-slap the water moccasin. Your grab misses the water moccasin.
The water moccasin bites you.
* * * LOW HITPOINT WARNING * * *
😨 HP[-6]
You take 6 damage, and now have 19/38 hp.
Unknown command.
You tentacle-slap the water moccasin. You grab the water moccasin.
You constrict the water moccasin. The water moccasin bites you.
* * * LOW HITPOINT WARNING * * *
You are lethally poisoned!
The water moccasin poisons you! The water moccasin bites you!
* * * LOW HITPOINT WARNING * * *
You are more poisoned.
The water moccasin poisons you! 😱 HP[-11]
You take 11 damage, and now have 8/38 hp.
MASSIVE DAMAGE!! (PAUSE) It was a potion of mutation.
You feel extremely strange.
You feel frail.
You feel stronger.
You constrict the water moccasin.
You die...

Skill      XL: |  1  2  3  4  5  6 |
---------------+-------------------+-----
Stealth        | 1 2 3 4 5 |  5.3
Dodging        | 3 4 |  4.4
Shapeshifting  | 4 |  4.6
Fighting       | |  1.0
Unarmed Combat | |  3.0

Action                     |  1- 3 |  4- 6 || total
---------------------------+-------+-------++-------
  Melee: Unarmed           |    95 |   134 ||   229
         Constrict         |    22 |    38 ||    60
         Tentacles         |    17 |    27 ||    44
         Punch             |     1 |     2 ||     3
    Use: Scroll            |     2 |     1 ||     3
         Potion            |       |     4 ||     4
   Stab: Sleeping          |    10 |    12 ||    22
 Armour: Skin              |    18 |    85 ||   103
  Dodge: Dodged            |    63 |   133 ||   196

Levels and vault maps discovered:
D:1:      elethiomel_arrival_quiet, layout_rooms,
          hellmonk_ecumenical_altar_dog_temple, serial_shops,
          nicolae_shop_hallway_plus, shop, shop, shop, nicolae_shop_drivethru
D:2:      layout_basic, minmay_box_of_dots
D:3:      layout_basic, overflow_temple_1_default,
          nemelex_xobeh_ov_fountains_minmay,
          gammafunk_temple_overflow_forgotten, gammafunk_ghost_mausoleum,
          nicolae_figureground_sparkle
D:4:      layout_basic, amcnicky_altar_gilded, uniq_robin
D:6:      layout_basic, mainiacjoe_overflow_24_doors, uniq_pikel, uniq_jeremiah

Notes
Turn   | Place    | Note
-------+----------+-------------------------------------------
     0 | D:1      | ytrimaz the Octopode Shapeshifter began the quest for the
                  | Orb.
     0 | D:1      | Reached XP level 1. HP: 13/13 MP: 1/1
     0 | D:1      | magus.rc [v1.9.6]
     0 | D:1      | Upgraded the game from 0.31-a0-963-ga325b2283a to
                  | 0.31-a0-978-g1e143483b6
     0 | D:1      | magus.rc [v1.9.6]
    15 | D:1      | Found Fiasaum's Weapon Shop.
    24 | D:1      | Reached skill level 1 in Stealth
    30 | D:1      | Reached XP level 2. HP: 10/18 MP: 2/2
    72 | D:1      | Found Feocyfe's Book Emporium.
    99 | D:1      | Found Xyilu's Armour Shop.
   206 | D:1      | Reached XP level 3. HP: 22/23 MP: 3/3
   208 | D:1      | Reached skill level 2 in Stealth
   348 | D:1      | Found a faded altar of an unknown god.
   377 | D:1      | You pick up a book of Frost and begin reading...
   377 | D:1      | You add the spells Freeze, Frozen Ramparts and Hailstorm to
                  | your library.
   432 | D:1      | Found a transporter.
   432 | D:1      | Found Sehiquel's Antique Armour Boutique.
   434 | D:1      | Found a transporter.
   560 | D:1      | Found Zago's Magic Scroll Emporium.
   565 | D:1      | Bought a scroll of identify for 26 gold pieces
   901 | D:2      | Identified the +8 quarterstaff "Leodis" {flame, Str+3 Dex+2
                  | SInv}
  1115 | D:2      | Reached XP level 4. HP: 23/28 MP: 4/4
  1310 | D:2      | Reached skill level 3 in Dodging
  1379 | D:3      | Identified the of Ipnisso
  1437 | D:3      | Found a sparkling altar of Nemelex Xobeh.
  1454 | D:3      | Reached skill level 3 in Stealth
  1498 | D:3      | Found a transporter.
  1498 | D:3      | Noticed zenocrate's ghost (amateur VSEn)
  1678 | D:3      | Found a hazy altar of Hepliaklqana.
  1723 | D:3      | You add the spells Vampiric Draining, Dimensional Bullseye,
                  | Manifold Assault and Borgnjor's Vile Clutch to your
                  | library.
  1759 | D:3      | Found a glowing golden altar of the Shining One.
  1762 | D:3      | Found a shimmering altar of Xom.
  1764 | D:3      | Found a sacrificial altar of Ru.
  1811 | D:3      | Reached XP level 5. HP: 29/33 MP: 5/5
  1811 | D:3      | Found a transporter.
  2237 | D:4      | Noticed Robin
  2287 | D:4      | Killed Robin
  2403 | D:4      | You pick up a book of the Senses and begin reading...
  2403 | D:4      | You add the spells Dazzling Flash, Agony and Silence to
                  | your library.
  2423 | D:4      | You fall into a shaft and drop 2 floors!
  2471 | D:6      | Reached skill level 4 in Stealth
  2471 | D:6      | Reached skill level 4 in Shapeshifting
  2476 | D:6      | Found an ancient bone altar of Kikubaaqudgha.
  2550 | D:6      | Reached skill level 4 in Dodging
  2550 | D:6      | Reached XP level 6. HP: 28/38 MP: 6/6
  2598 | D:6      | Noticed Pikel
  2666 | D:6      | Noticed Jeremiah
  2667 | D:6      | magus.rc [v1.9.6]
  2801 | D:6      | Reached skill level 5 in Stealth
  2975 | D:6      | Noticed a water moccasin
  2989 | D:6      | HP: 8/38 [water moccasin (8)]
  2990 | D:6      | Gained mutation: You are frail. (-10% HP) [potion of
                  | mutation]
  2990 | D:6      | Gained mutation: Your muscles are strong. (Str +4, Int/Dex
                  | -1) [potion of mutation]
  2990 | D:6      | Succumbed to a water moccasin's poison

Vanquished Creatures
  A bullfrog (D:6)
  A scorpion (D:6)
  A howler monkey (D:6)
  3 hounds (D:6)
  Robin (D:4)
  2 adders (D:3)
  A white imp (D:6)
  2 worms (D:3)
  2 dart slugs
  6 orcs
  10 bats
  7 endoplasms
  A giant cockroach (D:1)
  10 goblins
  7 hobgoblins
  18 jackals
  5 quokkas
  7 ball pythons
  6 frilled lizards
  11 kobolds
  5 rats
107 creatures vanquished.

Table legend:
 A = Non-vault XP
 B = Vault XP
 C = Vault XP percentage of total XP
 D = Non-vault monster count
 E = Vault monster count
 F = Vault count percentage of total count
                 A         B        C        D         E       F
            +---------+---------+-------+---------+---------+-------
      Total |     540 |      49 |   8.3 |      88 |      19 |  17.8
            +---------+---------+-------+---------+---------+-------
        D:1 |      59 |       6 |   9.2 |      34 |       3 |   8.1
        D:2 |      23 |       5 |  17.9 |      14 |       3 |  17.6
        D:3 |      78 |       0 |   0.0 |      27 |       0 |   0.0
        D:4 |      14 |      38 |  73.1 |       5 |      13 |  72.2
        D:6 |     366 |       0 |   0.0 |       8 |       0 |   0.0
            +---------+---------+-------+---------+---------+-------

Skill      XL: |  1  2  3  4  5  6 |
---------------+-------------------+-----
Stealth        | 1 2 3 4 5 |  5.3
Dodging        | 3 4 |  4.4
Shapeshifting  | 4 |  4.6
Fighting       | |  1.0
Unarmed Combat | |  3.0

Action                     |  1- 3 |  4- 6 || total
---------------------------+-------+-------++-------
  Melee: Unarmed           |    95 |   134 ||   229
         Constrict         |    22 |    38 ||    60
         Tentacles         |    17 |    27 ||    44
         Punch             |     1 |     2 ||     3
    Use: Scroll            |     2 |     1 ||     3
         Potion            |       |     4 ||     4
   Stab: Sleeping          |    10 |    12 ||    22
 Armour: Skin              |    18 |    85 ||   103
  Dodge: Dodged            |    63 |   133 ||   196

Illustrated notes

Table legend:
 A = Kills in this place as a percentage of kills in the entire game.
 B = Kills by you in this place as a percentage of kills by you in the entire game.
 C = Kills by friends in this place as a percentage of kills by friends in the entire game.
 D = Other kills in this place as a percentage of other kills in the entire game.
 E = Experience gained in this place as a percentage of experience gained in the entire game.
 F = Experience gained in this place divided by the number of levels of this place that you have seen.
                   A       B       C       D       E      F
               +-------+-------+-------+-------+-------+----------------------
         Total | 100.0 | 100.0 |   N/A |   N/A | 100.0 | 117.8
       Dungeon | 100.0 | 100.0 |   N/A |   N/A | 100.0 | 117.8
               +-------+-------+-------+-------+-------+----------------------

Table legend: (Time is in decaauts)
 A = Elapsed time spent in this place.
 B = Non-inter-level travel time spent in this place.
 C = Inter-level travel time spent in this place.
 D = Time resting spent in this place.
 E = Time spent auto-exploring this place.
 F = Levels seen in this place.
 G = Mean time per level.
                   A        B        C        D        E       F      G
               +--------+--------+--------+--------+--------+-----+--------+
         Total |   2988 |   2949 |     39 |    102 |   2075 |   5 |  597.6 |
       Dungeon |   2988 |   2949 |     39 |    102 |   2075 |   5 |  597.6 |
               +--------+--------+--------+--------+--------+-----+--------+

Top non-repeatable levels by time:
     D:3: 736 daAuts
     D:1: 716 daAuts
     D:2: 656 daAuts
     D:6: 577 daAuts
     D:4: 301 daAuts
